 Dungeon Crawl Stone Soup version 0.24-a0-584-g9d6b971ae4 (webtiles) character file.

Game seed: 7073763383651646405, levelgen mode: deterministic

202287 GordonOverkill the Severer (level 17, -14/116 HPs)
             Began as a Deep Elf Berserker on Sept 3, 2019.
             Was a High Priest of Trog.
             Killed from afar by a shock serpent (26 damage)
             ... with a bolt of electricity
             ... on level 3 of the Snake Pit on Sept 4, 2019.
             The game lasted 01:35:40 (44586 turns).

GordonOverkill the Severer (Deep Elf Berserker)    Turns: 44586, Time: 01:35:40

Health: -14/116    AC: 30    Str: 19    XL:     17   Next: 94%
Magic:  24/24      EV:  9    Int: 15    God:    Trog [*****.]
Gold:   140        SH:  7    Dex: 14    Spells: 16/16 levels left

rFire    . . .     SeeInvis .   a - +8 broad axe (freeze)
rCold    . . .     Gourm    .   g - +2 buckler
rNeg     . . .     Faith    .   l - +3 plate armour {rPois}
rPois    +         Spirit   .   i - +0 helmet
rElec    .         Reflect  .   X - +1 cloak of Cianli {Regen+ Stlth+}
rCorr    .         Harm     .   A - +0 pair of gloves
MR       +....                  H - +2 pair of boots {Fly}
Stlth    ..........             S - amulet of regeneration
HPRegen  1.09/turn              J - +4 ring of protection
MPRegen  0.19/turn              m - +4 ring of slaying

@: lethally poisoned (-14 -> -15), flying
A: no striking features
}: 1/15 runes: decaying
a: Berserk, Trog's Hand, Brothers in Arms, Renounce Religion, Stop Flying


You were on level 3 of the Snake Pit.
You worshipped Trog.
Trog was extremely pleased with you.
You were hungry.

You visited 6 branches of the dungeon, and saw 31 of its levels.
You also visited: Sewer and Ice Cave.

You collected 3135 gold pieces.
You spent 2995 gold pieces at shops.

Inventory:

Hand Weapons
 a - a +8 broad axe of freezing (weapon)
 b - a +2 whip of electrocution
 h - a +5 antimagic broad axe
Missiles
 F - 4 silver boomerangs (quivered)
 U - 26 boomerangs
Armour
 g - a +2 buckler (worn)
 i - a +0 helmet (worn)
 l - a +3 plate armour of poison resistance (worn)
 s - a +2 plate armour of fire resistance
 x - a +2 crystal plate armour
 A - a +0 pair of gloves (worn)
 H - a +2 pair of boots of flying (worn)
 X - the +1 cloak of Cianli (worn) {Regen+ Stlth+}
   (You bought it in a shop on level 2 of the Orcish Mines)

   It increases your rate of regeneration.
   It makes you more stealthy.
Jewellery
 m - a +4 ring of slaying (right hand)
 y - an uncursed ring of protection from cold
 J - a +4 ring of protection (left hand)
 S - an amulet of regeneration (around neck)
Wands
 o - a wand of paralysis (39)
 B - a wand of scattershot (11)
 C - a wand of clouds (5)
 E - a wand of acid (8)
 P - a wand of flame (33)
 Q - a wand of iceblast (17)
 R - a wand of digging (11)
Scrolls
 d - 9 scrolls of magic mapping
 j - 20 scrolls of remove curse
 k - 8 scrolls of enchant armour
 p - 6 scrolls of teleportation
 t - 3 scrolls of fear
 z - 2 scrolls of identify
 G - a scroll of brand weapon
 N - 2 scrolls of summoning
 V - 4 scrolls of fog
Potions
 e - 9 potions of mutation
 f - 12 potions of curing
 n - 3 potions of might
 q - 9 potions of heal wounds
 u - 5 potions of agility
 v - 4 potions of haste
 w - 5 potions of resistance
 D - a potion of magic
 L - a potion of brilliance
 M - 2 potions of invisibility
 O - 4 potions of ambrosia
 Y - 2 potions of lignification
 Z - 2 potions of cancellation
Miscellaneous
 I - 2 boxes of beasts
 K - a phial of floods
 T - a lamp of fire
 W - a fan of gales
Comestibles
 c - 35 rations


   Skills:
 + Level 16.3 Fighting
 - Level 18.0 Axes
 - Level 10.0 Armour
 + Level 6.4 Dodging
 - Level 4.0 Shields
 - Level 7.0 Evocations


You had 16 spell levels left.
You didn't know any spells.
Your spell library was empty.

Dungeon Overview and Level Annotations

Branches:
Dungeon (15/15)            Temple (1/1) D:5            Lair (6/6) D:10
  Swamp (4/4) Lair:4        Snake (3/4) Lair:2        Slime (0/5) Lair:6
    Orc (2/2) D:12            Elf (0/3) Orc:2        Vaults (0/5) D:14
 Depths (0/5) D:15          Sewer (visited)           IceCv (visited)

Altars:
Ashenzari
Cheibriados
Dithmenos
Elyvilon
Fedhas
Gozag
Hepliaklqana
Kikubaaqudgha
Makhleb
Nemelex Xobeh
Okawaru
Qazlal
Ru
Sif Muna
Trog
Uskayaw
Vehumet
Wu Jian
Xom
Yredelemnul
Zin
The Shining One
Beogh
Jiyva

Shops:
D:4 !   D:7 %(?*!   D:9 **!*   D:15 =   Orc:1 %   Orc:2 (:*(!

Portals:
Pandemonium: Orc:2


Message History

A naga sharpshooter comes into view. It is wielding a -3 trident.
You feel sick.
The naga sharpshooter shouts!
A naga mage comes into view. It is wielding a +0 spear.
You feel sick. The shock serpent closely misses you.
A salamander mystic comes into view. It is wielding a +0 quarterstaff.
You see here 23 sling bullets.
You feel sick.
The naga sharpshooter unwields a +0 trident.
The naga sharpshooter wields a +1 arbalest of freezing.
It is covered in frost.
The naga sharpshooter mumbles some strange words.
The naga sharpshooter magically shoots a bolt.
The bolt hits you!!
* * * LOW HITPOINT WARNING * * *
The bolt freezes you.
* * * LOW HITPOINT WARNING * * *
The shock serpent shoots out a bolt of lightning at you!
The bolt of electricity hits you!!
You die...

.......<..^N....
#.....)....N....
...N.....N......
.N.##.N.........
#N. ##N.........
#..N###NN.......
#..N...S........
#....NN.(........
#..######@.#.....
# ##.###... .#
#.. .# ##


You could see a nagaraja, a naga sharpshooter, a salamander mystic, 2
salamanders, a shock serpent, 2 naga magi and 4 nagas.

Vanquished Creatures
  the Lernaean hydra (Swamp:4)
  Rupert (Lair:3)
  A thorn hunter (Swamp:4)
  Donald (Swamp:2)
  A tengu reaver (D:11)
  A frost giant (IceCv)
  An ironheart preserver (D:14)
  A dire elephant (Lair:6)
  2 ogre magi (D:15)
  Erolcha (D:11)
  28 hydras
  2 ghost crabs (Swamp:2)
  10 anacondas
  2 shambling mangroves (Swamp:2)
  A catoblepas (Lair:6)
  4 naga warriors
  2 merfolk avatars (Swamp:4)
  6 two-headed ogres
  2 centaur warriors
  12 alligators
  A deep troll shaman (Lair:6)
  6 orc high priests (Orc:2)
  A queen ant (D:8)
  A tengu warrior (D:15)
  7 death yaks
  3 shock serpents
  2 naga sharpshooters (Snake:2)
  4 skeletal warriors (D:14)
  A gelid demonspawn (Orc:2)
  3 naga ritualists
  3 torturous demonspawn (Orc:2)
  An unseen horror (D:14)
  3 spriggan druids
  14 swamp dragons
  A lindwurm (Lair:5)
  5 orc knights (Orc:2)
  A wolf spider zombie (D:15)
  5 mana vipers
  12 ugly things
  An obsidian statue (D:14)
  4 manticores
  A deep elf mage (D:15)
  An oklob plant (Lair:3)
  6 orc sorcerers (Orc:2)
  A manticore (shapeshifter) (D:15)
  4 elephants (Lair:6)
  5 cyclopes
  An ice statue (IceCv)
  4 guardian serpents
  25 black mambas
  5 centaur zombies
  A black mamba (shapeshifter) (D:14)
  A rust devil (Orc:2)
  A moth of wrath (Lair:6)
  A gargoyle (D:14)
  8 naga magi
  2 torpor snails (Lair:6)
  17 spiny frogs
  4 kobold demonologists
  A yaktaur (D:11)
  Psyche (D:9)
  An efreet (D:14)
  11 komodo dragons
  A rime drake (Lair:2)
  2 tengu conjurers
  2 hellwings (Orc:2)
  A troll (shapeshifter) (D:15)
  A queen bee (Lair:3)
  4 trolls
  18 polar bears
  20 tyrant leeches
  4 hornets
  Grinder (D:4)
  22 slime creatures
  4 bog bodies
  17 blink frogs
  14 hippogriffs
  2 shadows
  2 centaur simulacra
  A vampire (D:15)
  5 spriggans
  A wraith (D:12)
  3 wyverns
  3 basilisks
  6 hogs (Snake:1)
  A yak (shapeshifter) (D:15)
  48 yaks
  A steam dragon (D:12)
  4 hungry ghosts
  A neqoxec (Orc:2)
  15 vampire mosquitoes
  19 nagas
  9 wargs
  22 swamp worms
  7 insubstantial wisps
  17 soldier ants
  3 acid dragons
  7 water moccasins
  31 orc warriors
  7 porcupines
  15 swamp drakes
  2 black bears
  3 necrophages
  An eye of draining (D:11)
  11 ice beasts
  15 ogres
  A phantom (D:14)
  4 sky beasts
  An eye of draining (shapeshifter) (D:15)
  A hornet zombie (D:9)
  20 centaurs
  39 wolves
  14 crocodiles
  4 big kobolds
  23 bullfrogs
  3 wyvern skeletons
  4 scorpions
  27 killer bees
  10 wights
  5 howler monkeys
  3 electric eels
  A bullfrog zombie (D:5)
  6 crimson imps
  A quasit (D:11)
  6 jellies
  30 orc priests
  9 hounds
  A centaur skeleton (D:4)
  A gnoll shaman (D:9)
  Jessica (D:2)
  4 bullfrog skeletons
  4 iguanas
  26 orc wizards
  20 worker ants
  A hound skeleton (D:11)
  A worker ant zombie (D:11)
  Robin (D:4)
  14 gnolls
  11 adders
  A river rat (D:5)
  5 shadow imps
  An ooze (D:2)
  5 worms
  3 dart slugs (D:1)
  6 leopard geckos
  70 orcs
  3 giant cockroaches
  13 goblins
  8 hobgoblins
  17 jackals
  3 quokkas
  8 bats
  4 frilled lizards
  21 kobolds
  7 rats
  6 briar patches (Swamp:2)
  A bush (Lair:6)
  3 fungi
  3 plants
1119 creatures vanquished.

Vanquished Creatures (collateral kills)
  A thorn hunter (Swamp:2)
  Kirke (Snake:1)
  A shambling mangrove (Swamp:2)
  A spiny frog (Swamp:1)
  A tyrant leech (Swamp:1)
  A hog (Snake:1)
  A swamp worm (Lair:6)
7 creatures vanquished.

Vanquished Creatures (others)
  A centaur skeleton (D:9)
  A troll (D:9)
  2 yaks (IceCv)
  3 insubstantial wisps (Swamp:2)
  4 soldier ants
  An ice beast (D:8)
  2 orc warriors
  A sky beast (D:7)
  An ogre (D:8)
  8 wolves (IceCv)
  A crocodile (Sewer)
  A centaur zombie (D:9)
  2 orc priests
  2 orc wizards
  5 worker ants
  An adder zombie (D:9)
  A worm (D:6)
  An orc (D:5)
  A goblin (D:3)
  A jackal skeleton (D:7)
  9 fungi
  16 plants
65 creatures vanquished.

Grand Total: 1191 creatures vanquished

Notes
Turn   | Place    | Note
-------+----------+-------------------------------------------
     0 | D:1      | GordonOverkill the Deep Elf Berserker began the quest for
                  | the Orb.
     0 | D:1      | Reached XP level 1. HP: 13/13 MP: 3/3
   285 | D:1      | Reached XP level 2. HP: 18/18 MP: 4/4
   624 | D:1      | Reached XP level 3. HP: 8/22 MP: 5/5
  1114 | D:2      | Reached skill level 3 in Axes
  1418 | D:2      | Reached ** piety under Trog
  1605 | D:2      | Found an opulent altar of Gozag.
  1606 | D:2      | Found a shattered altar of Ashenzari.
  1719 | D:2      | Found a blossoming altar of Fedhas.
  1929 | D:2      | Reached XP level 4. HP: 27/27 MP: 6/6
  2050 | D:2      | Noticed Jessica
  2054 | D:2      | Killed Jessica
  2404 | D:3      | Found a sparkling altar of Nemelex Xobeh.
  2816 | D:3      | Found a snail-covered altar of Cheibriados.
  2978 | D:4      | Reached XP level 5. HP: 30/32 MP: 7/7
  3051 | D:4      | Noticed Robin
  3060 | D:4      | Killed Robin
  3061 | D:4      | Reached *** piety under Trog
  3154 | D:4      | Found Zihuex's Distillery.
  3183 | D:4      | Bought 2 potions of heal wounds for 100 gold pieces
  3237 | D:4      | Found a glowing golden altar of the Shining One.
  3237 | D:4      | Noticed Grinder
  3244 | D:4      | Paralysed by Grinder for 4 turns
  3251 | D:4      | Killed Grinder
  3251 | D:4      | Reached skill level 4 in Axes
  3251 | D:4      | Reached XP level 6. HP: 26/37 MP: 8/8
  3607 | D:4      | Found a sacrificial altar of Ru.
  3770 | D:4      | HP: 1/38 [ogre/+0 giant spiked club (18)]
  3774 | D:4      | Reached XP level 7. HP: 29/42 MP: 9/9
  3870 | D:5      | Entered Level 5 of the Dungeon
  4034 | D:5      | Found a glowing drain.
  4046 | Sewer    | Entered a sewer
  4096 | Sewer    | Reached skill level 5 in Axes
  4622 | D:5      | Found a staircase to the Ecumenical Temple.
  4631 | Temple   | Entered the Ecumenical Temple
  5110 | D:6      | Found an ancient bone altar of Kikubaaqudgha.
  5210 | D:6      | Reached XP level 8. HP: 46/48 MP: 10/10
  5298 | D:6      | Reached skill level 6 in Axes
  5451 | D:6      | Reached **** piety under Trog
  6393 | D:7      | Reached skill level 5 in Fighting
  6395 | D:7      | Found Pialeqexaur's Magic Scroll Boutique.
  6396 | D:7      | Found Dokilomp's General Store.
  6415 | D:7      | Bought a scroll of magic mapping for 42 gold pieces
  6415 | D:7      | Bought a scroll of teleportation for 36 gold pieces
  6415 | D:7      | Bought a scroll of identify for 24 gold pieces
  6426 | D:7      | Bought a scroll of fear for 49 gold pieces
  6492 | D:7      | Reached skill level 7 in Axes
  6679 | D:7      | Found Jiugal's Distillery.
  6694 | D:7      | Found Ituber's Weapon Boutique.
  6762 | D:7      | Found Enus's Food Emporium.
  7043 | D:7      | Found a bloodstained altar of Trog.
  7181 | D:7      | Bought a +0 pair of gloves for 63 gold pieces
  7221 | D:8      | Reached XP level 9. HP: 53/54 MP: 11/11
  7674 | D:8      | Reached skill level 8 in Axes
  7889 | D:8      | Found a hazy altar of Hepliaklqana.
  7965 | D:8      | Reached skill level 9 in Axes
  8161 | D:8      | Noticed a queen ant
  8183 | D:8      | Killed a queen ant
  8183 | D:8      | Reached ***** piety under Trog
  8183 | D:8      | Reached XP level 10. HP: 31/63 MP: 12/12
  8492 | D:8      | Found a shimmering altar of Xom.
  8623 | D:8      | Reached skill level 10 in Axes
  9558 | D:9      | Found Exzuimpaha's Assorted Antiques.
  9580 | D:9      | Found a radiant altar of Vehumet.
  9702 | D:9      | Found a radiant altar of Vehumet.
  9724 | D:9      | Noticed Psyche
  9776 | D:9      | Found an ornate altar of the Wu Jian Council.
  9859 | D:9      | Found Jasioc's Distillery.
 10159 | D:9      | Found Paixt's Assorted Antiques.
 10167 | D:9      | Reached skill level 11 in Axes
 10170 | D:9      | Bought a scroll labeled SIS OCILEUSKOT for 29 gold pieces
 10170 | D:9      | Bought an amethyst potion for 26 gold pieces
 10170 | D:9      | Bought a scroll labeled OTITOSM BALEEV for 29 gold pieces
 10279 | D:9      | Killed Psyche
 10279 | D:9      | Received a gift from Trog
 10336 | D:9      | Reached XP level 11. HP: 66/68 MP: 13/13
 10344 | D:9      | Found a basalt altar of Yredelemnul.
 10825 | D:9      | Found Puiras's General Store.
 10936 | D:10     | Entered Level 10 of the Dungeon
 10941 | D:10     | Found a staircase to the Lair.
 10949 | D:10     | Reached skill level 5 in Armour
 12095 | D:11     | Noticed a five-headed hydra
 12109 | D:10     | Killed a five-headed hydra
 12746 | D:11     | Noticed Erolcha
 12768 | D:11     | Killed Erolcha
 12832 | D:11     | Reached skill level 12 in Axes
 12971 | D:11     | Noticed a tengu reaver
 12972 | D:11     | Noticed a white ugly thing
 13742 | D:11     | Noticed a two-headed ogre
 13750 | D:11     | Killed a two-headed ogre
 13854 | D:11     | Reached XP level 12. HP: 75/75 MP: 11/14
 14168 | D:11     | Killed a tengu reaver
 15403 | D:11     | Reached skill level 13 in Axes
 15488 | D:11     | Reached skill level 1 in Evocations
 16150 | D:12     | Found a staircase to the Orcish Mines.
 16966 | D:12     | Reached skill level 10 in Fighting
 17936 | Lair:1   | Entered Level 1 of the Lair of Beasts
 18185 | Lair:1   | Found a frozen archway.
 18266 | IceCv    | Entered an ice cave
 18991 | IceCv    | Reached XP level 13. HP: 82/82 MP: 14/18
 19719 | IceCv    | Reached skill level 5 in Evocations
 19960 | IceCv    | Reached skill level 14 in Axes
 20161 | IceCv    | Noticed a frost giant
 20192 | IceCv    | Killed a frost giant
 21644 | Lair:2   | Received a gift from Trog
 22331 | Lair:2   | Identified a scroll of acquirement
 22914 | Lair:2   | Found a staircase to the Snake Pit.
 24360 | Lair:3   | Noticed Rupert
 24378 | Lair:3   | Killed Rupert
 24621 | Lair:3   | Reached XP level 14. HP: 88/90 MP: 18/21
 25628 | Lair:4   | Received a gift from Trog
 25669 | Lair:4   | Found a staircase to the Swamp.
 26075 | Lair:5   | Reached skill level 1 in Shields
 26077 | Lair:5   | Reached skill level 15 in Axes
 27091 | Lair:6   | Entered Level 6 of the Lair of Beasts
 27996 | Lair:6   | Received a gift from Trog
 28920 | Lair:6   | Found a staircase to the Slime Pits.
 28920 | Lair:6   | Found a viscous altar of Jiyva.
 29657 | D:13     | Received a gift from Trog
 29777 | D:13     | Reached XP level 15. HP: 25/95 MP: 7/22
 29938 | D:13     | Reached skill level 16 in Axes
 30733 | D:14     | Found a bloodstained altar of Trog.
 31056 | D:14     | Received a gift from Trog
 31146 | D:14     | Found a gate to the Vaults.
 32052 | D:14     | Found an opulent altar of Gozag.
 32204 | D:15     | Entered Level 15 of the Dungeon
 32421 | D:15     | Reached ****** piety under Trog
 32458 | D:15     | Received a gift from Trog
 32526 | D:15     | Found a staircase to the Depths.
 32661 | D:15     | Found Giuxzy's Jewellery Shop.
 32681 | D:15     | Reached skill level 10 in Armour
 33297 | Orc:1    | Entered Level 1 of the Orcish Mines
 33439 | Orc:1    | Found a roughly hewn altar of Beogh.
 33630 | Orc:2    | Entered Level 2 of the Orcish Mines
 33633 | Orc:2    | Reached skill level 17 in Axes
 34100 | Orc:2    | Found Fouheyj's Distillery.
 34103 | Orc:2    | Found Fischerch's General Store.
 34124 | Orc:2    | Received a gift from Trog
 34315 | Orc:2    | Bought the +1 cloak of Cianli {Regen+ Stlth+} for 231 gold
                  | pieces
 34411 | Orc:2    | Reached XP level 16. HP: 50/100 MP: 7/23
 34845 | Orc:2    | Found Zyx Zadur's Book Emporium.
 34845 | Orc:2    | Found Focziat's Antique Weapon Shoppe.
 34845 | Orc:2    | Found a one-way gate leading to the halls of Pandemonium.
 35030 | Orc:2    | Found Odgheunt's Weapon Shoppe.
 35036 | Orc:2    | Found a staircase to the Elven Halls.
 35269 | Orc:1    | Found Zereuw's Food Boutique.
 35511 | Orc:2    | Bought a scroll of teleportation for 36 gold pieces
 35511 | Orc:2    | Bought a scroll of teleportation for 36 gold pieces
 35511 | Orc:2    | Bought a potion of resistance for 120 gold pieces
 35514 | Orc:2    | Bought a potion of curing for 48 gold pieces
 35514 | Orc:2    | Bought a potion of heal wounds for 80 gold pieces
 35514 | Orc:2    | Bought 2 potions of haste for 320 gold pieces
 35514 | Orc:2    | Bought a potion of curing for 48 gold pieces
 35514 | Orc:2    | Bought a potion of mutation for 128 gold pieces
 35514 | Orc:2    | Bought a potion of cancellation for 128 gold pieces
 35697 | D:7      | Bought a scroll of teleportation for 42 gold pieces
 35795 | D:9      | Bought a scroll of enchant weapon for 105 gold pieces
 35795 | D:9      | Bought a scroll of magic mapping for 49 gold pieces
 35954 | D:4      | Bought a potion of heal wounds for 50 gold pieces
 35954 | D:4      | Bought a potion of haste for 100 gold pieces
 35954 | D:4      | Bought a potion of haste for 100 gold pieces
 35954 | D:4      | Bought a potion of heal wounds for 50 gold pieces
 35954 | D:4      | Bought a potion of agility for 40 gold pieces
 35954 | D:4      | Bought a potion of haste for 100 gold pieces
 35954 | D:4      | Bought a potion of curing for 30 gold pieces
 36106 | D:9      | Bought a potion of heal wounds for 60 gold pieces
 36106 | D:9      | Bought a potion of heal wounds for 60 gold pieces
 36106 | D:9      | Bought a potion of agility for 48 gold pieces
 36106 | D:9      | Bought a potion of mutation for 96 gold pieces
 36106 | D:9      | Bought a potion of ambrosia for 96 gold pieces
 36229 | Swamp:1  | Entered Level 1 of the Swamp
 36784 | Swamp:1  | Reached skill level 18 in Axes
 36786 | Swamp:1  | Received a gift from Trog
 37957 | Swamp:2  | Noticed Donald
 37985 | Swamp:2  | HP: 4/102 [Donald/+0 demon trident of electrocution (22)]
 37986 | Swamp:2  | Killed Donald
 38567 | Swamp:2  | Noticed a thorn hunter
 38580 | Swamp:2  | Killed a thorn hunter
 39716 | Swamp:4  | Entered Level 4 of the Swamp
 39883 | Swamp:4  | Received a gift from Trog
 40249 | Swamp:4  | Found the +0 sword of Power
 40254 | Swamp:4  | Reached XP level 17. HP: 110/111 MP: 24/24
 40930 | Swamp:4  | Noticed the 27-headed Lernaean hydra
 41492 | Swamp:4  | Killed the 27-headed Lernaean hydra
 41492 | Swamp:4  | Reached skill level 15 in Fighting
 41673 | Swamp:4  | Got a decaying rune of Zot
 41881 | Snake:1  | Entered Level 1 of the Snake Pit
 42278 | Snake:1  | Noticed Kirke
 42289 | Snake:1  | Killed Kirke
 42445 | Snake:1  | Received a gift from Trog
 43291 | Snake:2  | Reached skill level 5 in Dodging
 44283 | D:15     | Bought a +4 ring of protection for 396 gold pieces
 44586 | Snake:3  | Killed from afar by a shock serpent

Levels and vault maps discovered:
D:1:      psy_arrival_dodecagon, layout_basic, serial_bayou_pond_a
D:2:      layout_loops_cross, lemuel_crystal_altar,
          chequers_temple_overflow_statue_of_worship, hangedman_decor_points,
          uniq_jessica
D:3:      layout_rooms, cheibriados_altar_1, lemuel_doored_altar, first_ration,
          minmay_unequal
D:4:      layout_basic, overflow_temple_1_default, serial_shops, shop,
          hangedman_ru_absence, uniq_robin, uniq_grinder
D:5:      layout_gridville, minmay_temple_entry_fiery, gup_sewer_entry_bubbles
D:6:      layout_cave_pods, kiku_gazebo_garden_becter
D:7:      layout_loops_ring, lightli_temple_of_fire, serial_shops,
          nicolae_shop_statue_plus, nicolae_shop_trees,
          nicolae_shop_temple_entry_statues_fountains, shop, shop, the_bakery
D:8:      layout_basic, kennysheep_mini, kennysheep_mini_moat, minivault_29
D:9:      layout_loops_ring, old_standard_altar, lemuel_crystal_altar,
          yredelemnul_altar_generic, serial_shops, nicolae_shop_trees, shop,
          shop, nicolae_shop_crystal, basic_altar, wad_dig_loot, uniq_psyche
D:10:     layout_roguey, erik_lair_orcish_takeover
D:11:     layout_loops_ring, onia_ninara_dug_in_and_dangerous, uniq_erolcha
D:12:     layout_basic, orc_0_dummy, nooodl_orcs_dogs
D:13:     layout_long_grid, minmay_fractal_squares_diagonal_5
D:14:     layout_loops_ring, skrybe_vaults_entry_preservation,
          nicolae_gozag_seed_capital, basic_altar, kennysheep_cluttered_room,
          minivault_15, kennysheep_pointless_box
D:15:     hangedman_depths_entry_civil_slaughter, layout_long_grid,
          serial_shops, nicolae_shop_behind_doors
Temple:   chequers_temple_sunken
Lair:1:   layout_cave_shapes, portal_ice_cave_entry_ice_beasts,
          infiniplex_staircase_pool_2, grunt_megastairs_5
Lair:2:   layout_cave_pods, guppyfry_snake_entry_island,
          nicolae_quartered_pool_medium, chequers_serial_rivers_small_b,
          columned_hall_lemuel, hibernation_bobbens
Lair:3:   layout_gridlike, special_room [special_room_bee], grunt_megastairs_2,
          lemuel_fruit_fields, uniq_rupert
Lair:4:   layout_long_grid, skrybe_swamp_entry_bodies
Lair:5:   layout_loops_ring, chequers_serial_rivers_micro_d
Lair:6:   grunt_lair_end_beastmaster, layout_regular_city, slime_altar_1,
          nicolae_lair_grove_arrangements, st_stairs_9, serial_bayou_pond_d,
          minivault_25, worms_lemuel
Swamp:1:  layout_basic_swamp, evilmike_swamp_ruin_house_2,
          infiniplex_staircase_pool
Swamp:2:  layout_falls_marsh, nicolae_swamp_triple_paths, uniq_donald
Swamp:3:  layout_falls_marsh, evilmike_swamp_ruin_house_3
Swamp:4:  swamp_old_school, layout_basic_swamp, swamp_pool4,
          evilmike_swamp_ruin_rubble_1, grunt_lady_of_the_lake
Snake:1:  layout_onion_interference, uniq_kirke
Snake:2:  layout_chambers
Snake:3:  layout_layer_cave, serial_shops, shop
Orc:1:    layout_caves, basic_altar, serial_shops, nicolae_shop_waterfront
Orc:2:    pf_orc_diabolical, layout_diamond_mine, serial_shops,
          nicolae_shop_trees

Skill      XL: |  1  2  3  4  5  6  7  8  9 10 11 12 13 14 15 16 17 |
---------------+----------------------------------------------------+-----
Axes           | 3 4 5 7 9 11 12 13 14 15 17 18 | 18.0
Armour         | 2 3 4 6 7 10 | 10.0
Dodging        | 3 4 6 |  6.4
Fighting       | 3 4 5 7 8 9 10 11 12 14 16 | 16.3
Evocations     | 4 7 |  7.0
Shields        | 4 |  4.0

Action                   |  1- 3 |  4- 6 |  7- 9 | 10-12 | 13-15 | 16-18 || total
-------------------------+-------+-------+-------+-------+-------+-------++-------
Melee: Hand axe          |   128 |   103 |   294 |   346 |       |       ||   871
       Whip              |       |       |       |   634 |   410 |   148 ||  1192
       Battleaxe         |       |       |       |       |   169 |       ||   169
       Broad axe         |       |       |       |       |  1071 |   945 ||  2016
Throw: Stone             |     2 |       |       |       |       |       ||     2
       Javelin           |       |       |       |     3 |     4 |       ||     7
       Boomerang         |       |       |       |       |       |     4 ||     4
Invok: Berserk           |     7 |     5 |     5 |    32 |    38 |    27 ||   114
       Trog's Hand       |       |       |     1 |     6 |     4 |     1 ||    12
       Brothers in Arms  |       |       |       |       |     2 |     6 ||     8
Evoke: Wand              |       |       |       |     6 |     7 |     5 ||    18
       Lamp of fire      |       |       |       |       |     2 |     2 ||     4
       Phial of floods   |       |       |       |       |       |     2 ||     2
       Phantom mirror    |       |       |       |       |       |     1 ||     1
  Use: Scroll            |     1 |     5 |     4 |    12 |    21 |    10 ||    53
       Potion            |       |     1 |     2 |     7 |     3 |     4 ||    17
 Stab: Petrified         |       |       |       |       |    14 |       ||    14
       Petrifying        |       |       |       |       |     3 |       ||     3
  Eat: Chunk             |     9 |     9 |    21 |    61 |    67 |    29 ||   196
       Ration            |       |       |       |     2 |     8 |     9 ||    19
Armor: Chain mail        |    62 |    53 |   106 |   470 |    94 |       ||   785
       Animal skin       |     2 |       |       |       |       |       ||     2
       Plate armour      |       |       |       |       |   858 |   754 ||  1612
Dodge: Dodged            |    44 |    31 |   109 |   395 |   512 |   292 ||  1383
Block: Buckler           |       |       |       |       |   220 |   283 ||   503

Table legend:
 A = Non-vault XP
 B = Vault XP
 C = Vault XP percentage of total XP
 D = Non-vault monster count
 E = Vault monster count
 F = Vault count percentage of total count
                 A         B        C        D         E       F
            +---------+---------+-------+---------+---------+-------
      Total |  185991 |   99728 |  34.9 |     800 |     340 |  29.8
            +---------+---------+-------+---------+---------+-------
        D:1 |      45 |       0 |   0.0 |      18 |       0 |   0.0
        D:2 |      53 |      37 |  41.1 |      16 |       1 |   5.9
        D:3 |      36 |       4 |  10.0 |      13 |       3 |  18.8
        D:4 |     377 |     298 |  44.1 |      16 |      14 |  46.7
        D:5 |     334 |      27 |   7.5 |      16 |       6 |  27.3
        D:6 |     701 |       0 |   0.0 |      23 |       0 |   0.0
        D:7 |     609 |     211 |  25.7 |      21 |       1 |   4.5
        D:8 |    1225 |    4065 |  76.8 |      21 |      38 |  64.4
        D:9 |    2940 |     526 |  15.2 |      44 |       3 |   6.4
       D:10 |    4475 |     772 |  14.7 |      42 |      11 |  20.8
       D:11 |    5827 |    4823 |  45.3 |      35 |       7 |  16.7
       D:12 |    4432 |     865 |  16.3 |      51 |      12 |  19.0
       D:13 |    8135 |    2183 |  21.2 |      39 |       5 |  11.4
       D:14 |   12850 |    3777 |  22.7 |      46 |       9 |  16.4
       D:15 |   14757 |    3609 |  19.7 |      33 |       6 |  15.4
     Lair:1 |    3040 |    1478 |  32.7 |      14 |      10 |  41.7
     Lair:2 |    5552 |     740 |  11.8 |      23 |       3 |  11.5
     Lair:3 |    5018 |    6078 |  54.8 |      23 |      27 |  54.0
     Lair:4 |    2586 |     501 |  16.2 |       9 |       2 |  18.2
     Lair:5 |    4889 |       0 |   0.0 |      16 |       0 |   0.0
     Lair:6 |   10216 |   15056 |  59.6 |      39 |      35 |  47.3
    Swamp:1 |   10684 |       0 |   0.0 |      29 |       0 |   0.0
    Swamp:2 |   18694 |    2088 |  10.0 |      32 |       1 |   3.0
    Swamp:3 |    9451 |     736 |   7.2 |      29 |       1 |   3.3
    Swamp:4 |   17284 |   19497 |  53.0 |      37 |      27 |  42.2
    Snake:1 |   20313 |    2871 |  12.4 |      36 |       8 |  18.2
    Snake:2 |   17967 |       0 |   0.0 |      37 |       0 |   0.0
    Snake:3 |     169 |       0 |   0.0 |       1 |       0 |   0.0
      Orc:1 |    1452 |       0 |   0.0 |      25 |       0 |   0.0
      Orc:2 |    1880 |   17700 |  90.4 |      16 |      62 |  79.5
      Sewer |       0 |     102 | 100.0 |       0 |       6 | 100.0
      IceCv |       0 |   11684 | 100.0 |       0 |      42 | 100.0
            +---------+---------+-------+---------+---------+-------
